 Dungeon Sprint DCSS version 0.24.1-14-gf8d2b509d9 (webtiles) character file.

Game seed: 14686954429212401263, levelgen mode: deterministic

193 sahdkjhfkaj the Insei (level 5, 0/43 HPs)
             Began as a Gnoll Transmuter on Sept 28, 2020.
             Succumbed to a worker ant's poison
             ... in the Dungeon (Sprint IX: "|||||||||||||||||||||||||||||").
             The game lasted 00:00:45 (159 turns).

sahdkjhfkaj the Insei (Gnoll Transmuter)             Turns: 159, Time: 00:00:46

Health: 0/43       AC:  2    Str: 13    XL:     5   Next: 72%
Magic:  11/13      EV: 16    Int: 15    God:
Gold:   0          SH:  0    Dex: 16    Spells: 15/16 levels left

rFire    . . .     SeeInvis .     - Unarmed
rCold    . . .     Gourm    .   (no shield)
rNeg     . . .     Faith    .   b - +0 robe
rPois    .         Spirit   .   (no helmet)
rElec    .         Reflect  .   (no cloak)
rCorr    .         Harm     .   (no gloves)
MR       .....     NoTele   +   (no boots)
Stlth    +++.......             (no amulet)
HPRegen  0.14/turn              (no ring)
MPRegen  0.13/turn              (no ring)

@: lethally poisoned (0 -> -3), berserk cooldown, slowed, very slow
A: distributed training, fangs 1, strong nose
a: no special abilities


You were in the Dungeon.
You were not hungry.

You visited 1 branch

Inventory:

Missiles
 a - 12 arrows
Armour
 b - a +0 robe (worn)
Scrolls
 j - a scroll of blinking
Potions
 g - a potion of haste
 h - 2 potions of magic
Comestibles
 d - a ration


   Skills:
 + Level 4.6 Fighting
 + Level 3.7 Short Blades
 + Level 3.7 Long Blades
 + Level 3.7 Axes
 + Level 3.7 Maces & Flails
 + Level 3.7 Polearms
 + Level 3.7 Staves
 + Level 3.7 Slings
 + Level 3.7 Bows
 + Level 3.7 Crossbows
 + Level 3.7 Throwing
 + Level 3.7 Armour
 + Level 6.0 Dodging
 + Level 3.7 Stealth
 + Level 3.7 Shields
 + Level 7.6 Unarmed Combat
 + Level 6.3 Spellcasting
 + Level 3.1 Conjurations
 + Level 3.1 Hexes
 + Level 3.1 Charms
 + Level 3.1 Summonings
 + Level 3.1 Necromancy
 + Level 3.1 Translocations
 + Level 5.0 Transmutations
 + Level 3.1 Fire Magic
 + Level 3.1 Ice Magic
 + Level 3.1 Air Magic
 + Level 3.1 Earth Magic
 + Level 3.1 Poison Magic
 + Level 4.1 Invocations
 + Level 3.7 Evocations


You had 15 spell levels left.
You knew the following spells:

 Your Spells              Type           Power        Failure   Level  Hunger
a - Beastly Appendage     Tmut           ###...       1%          1    None

Your spell library contained the following spells:

 Spells                   Type           Power        Failure   Level  Hunger
 Sticks to Snakes         Tmut           ###.....     2%          2    #......
 Spider Form              Tmut/Pois      ###.......   9%          3    ##.....
 Ice Form                 Ice/Tmut       ###.....     26%         4    ####...
 Blade Hands              Tmut           ###.......   45%         5    ######.


Dungeon Overview and Level Annotations

Branches:
Dungeon (1/1)

Altars:


Innate Abilities, Weirdness & Mutations

Your experience applies equally to all skills.
You have very sharp teeth.
Your uncanny sense of smell can sniff out nearby items.


Message History

You feel sick.
Unknown command.
You start resting.
You feel a strong urge to attack something.
* * * LOW HITPOINT WARNING * * *
You feel sick.
You start resting.
You are no longer berserk.
You are exhausted.
You feel yourself slow down.
There is a lethal amount of poison in your body!
* * * LOW HITPOINT WARNING * * *
You feel sick.
There is an open door, spattered with blood here.
Things that are here:
a +0 dagger; a +0 robe; an orc corpse
Okay, then.
* * * LOW HITPOINT WARNING * * *
You feel sick.
You die...

∆∆∆∆∆∆∆∆∆∆∆
▓▓▓▓▓▓▓▓▓▓▓▓▓▓▓▓▓▓
+....))..@.)†...<▓
▓▓▓▓▓▓▓▓▓▓▓▓▓▓▓▓▓▓


There were no monsters in sight!

Vanquished Creatures
  A phantom (D)
  A scorpion (D)
  An orc wizard (D)
  A worker ant (D)
  An orc (D)
  3 goblins (D)
  A frilled lizard (D)
  A rat (D)
10 creatures vanquished.

Notes
Turn   | Place    | Note
-------+----------+-------------------------------------------
     0 | D        | sahdkjhfkaj the Gnoll Transmuter began the quest for the
                  | Orb.
     0 | D        | Reached XP level 1. HP: 17/17 MP: 6/6
    14 | D        | Reached skill level 5 in Spellcasting
    23 | D        | Reached skill level 1 in Invocations
   125 | D        | Noticed a scorpion
   125 | D        | Noticed a phantom
   125 | D        | Noticed an orc wizard
   125 | D        | Noticed a worker ant
   139 | D        | Killed a worker ant
   139 | D        | Reached skill level 1 in Short Blades
   139 | D        | Reached skill level 1 in Long Blades
   139 | D        | Reached skill level 1 in Axes
   139 | D        | Reached skill level 1 in Maces & Flails
   139 | D        | Reached skill level 1 in Polearms
   139 | D        | Reached skill level 1 in Staves
   139 | D        | Reached skill level 1 in Slings
   139 | D        | Reached skill level 1 in Bows
   139 | D        | Reached skill level 1 in Crossbows
   139 | D        | Reached skill level 1 in Throwing
   139 | D        | Reached skill level 1 in Armour
   139 | D        | Reached skill level 1 in Stealth
   139 | D        | Reached skill level 1 in Shields
   139 | D        | Reached skill level 1 in Conjurations
   139 | D        | Reached skill level 1 in Hexes
   139 | D        | Reached skill level 1 in Charms
   139 | D        | Reached skill level 1 in Summonings
   139 | D        | Reached skill level 1 in Necromancy
   139 | D        | Reached skill level 1 in Translocations
   139 | D        | Reached skill level 1 in Fire Magic
   139 | D        | Reached skill level 1 in Ice Magic
   139 | D        | Reached skill level 1 in Air Magic
   139 | D        | Reached skill level 1 in Earth Magic
   139 | D        | Reached skill level 1 in Poison Magic
   139 | D        | Reached skill level 1 in Evocations
   139 | D        | Reached XP level 2. HP: 19/24 MP: 8/8
   139 | D        | Reached XP level 3. HP: 22/29 MP: 9/9
   148 | D        | Killed a phantom
   148 | D        | Reached skill level 5 in Dodging
   148 | D        | Reached skill level 7 in Unarmed Combat
   148 | D        | Reached XP level 4. HP: 5/37 MP: 9/11
   148 | D        | Reached XP level 5. HP: 6/42 MP: 10/13
   152 | D        | Reached skill level 5 in Transmutations
   156 | D        | HP: 2/43 [poisoned by a worker ant]
   159 | D        | Succumbed to a worker ant's poison

Levels and vault maps discovered:
D:        linesprint [early_d, line_temple, items_1, d_10, items_2, lair_1,
          lair_end, items_3, orc_1, orc_end, items_4, d_15, swamp_1, shoals_1,
          snake_1, spider_1, d_20, vaults_1, items_5, swamp_end, shoals_end,
          snake_end, spider_end, vaults_end, d_27, items_6, zot_1, zot_end,
          crypt_end, forest_end, elf_end, slime_end, tomb_end, abyss_end,
          pan_hell_end]

Skill      XL: |  1  2  3  4  5 |
---------------+----------------+-----
Spellcasting   | 5 6 |  6.3
Invocations    | 2 3 4 |  4.1
Fighting       | 3 4 |  4.6
Short Blades   | 1 3 |  3.7
Long Blades    | 1 3 |  3.7
Axes           | 1 3 |  3.7
Maces & Flails | 1 3 |  3.7
Polearms       | 1 3 |  3.7
Staves         | 1 3 |  3.7
Slings         | 1 3 |  3.7
Bows           | 1 3 |  3.7
Crossbows      | 1 3 |  3.7
Throwing       | 1 3 |  3.7
Armour         | 1 3 |  3.7
Stealth        | 1 3 |  3.7
Shields        | 1 3 |  3.7
Conjurations   | 1 2 3 |  3.1
Hexes          | 1 2 3 |  3.1
Charms         | 1 2 3 |  3.1
Summonings     | 1 2 3 |  3.1
Necromancy     | 1 2 3 |  3.1
Translocations | 1 2 3 |  3.1
Transmutations | 4 5 |  5.0
Fire Magic     | 1 2 3 |  3.1
Ice Magic      | 1 2 3 |  3.1
Air Magic      | 1 2 3 |  3.1
Earth Magic    | 1 2 3 |  3.1
Poison Magic   | 1 2 3 |  3.1
Evocations     | 1 3 |  3.7
Dodging        | 5 6 |  6.0
Unarmed Combat | 7 |  7.6

Action                   |  1- 3 |  4- 6 || total
-------------------------+-------+-------++-------
Melee: Unarmed           |    36 |     3 ||    39
       Bite              |     4 |     1 ||     5
       Punch             |     2 |       ||     2
  Use: Potion            |     3 |       ||     3
Armor: Robe              |     1 |       ||     1
Dodge: Dodged            |    22 |     1 ||    23
